 Dungeon Crawl Stone Soup version 0.31-a0-8-gd14b0f4ee2 (webtiles) character file.

Game seed: 8456963961133108888

721 gruber the Firebug (level 7, 0/46 HPs)
             Began as a Demonspawn Fire Elementalist on May 6, 2023.
             Was an Initiate of Kikubaaqudgha.
             Slain by Pikel
             ... wielding a +0 whip of flaming
              (8 damage)
             ... on level 5 of the Dungeon.
             The game lasted 00:04:51 (5513 turns).

gruber the Firebug (Demonspawn Fire Elementalist)   Turns: 5513, Time: 00:04:52

Health: 0/46       AC:  2    Str: 13    XL:     7   Next: 43%
Magic:  0/14       EV: 11    Int: 19    God:    Kikubaaqudgha [......]
Gold:   39         SH:  9    Dex: 15    Spells: 15/16 levels left

rFire   + . .        A - +5 spear "Xunoth" {heavy, rN+ Str+5 Dex+2}
rCold   x . .        t - +0 buckler
rNeg    + . .        a - +0 robe
rPois   .            (helmet restricted)
rElec   .            (no cloak)
rCorr   .            (no gloves)
SInv    .            (no boots)
Will    .....        d - amulet of reflection
Stlth   ++           k - ring of fire
HPRegen 0.27/turn    (no ring)
MPRegen 0.14/turn

%: reflection
@: no status effects
A: antennae 2, ignite blood 1
a: Renounce Religion


You were on level 5 of the Dungeon.
You worshipped Kikubaaqudgha.
Kikubaaqudgha was noncommittal.
You visited 2 branches of the dungeon, and saw 6 of its levels.

You collected 199 gold pieces.
You spent 160 gold pieces at shops.

Inventory:

Hand Weapons
 A - the +5 spear "Xunoth" (weapon) {heavy, rN+ Str+5 Dex+2}
   (You bought it in a shop on level 3 of the Dungeon)

   Str:       It affects your strength (+5).
   Dex:       It affects your dexterity (+2).
   rN:        It protects you from negative energy.
Armour
 a - a +0 robe (worn)
 t - a +0 buckler (worn)
Jewellery
 d - an amulet of reflection (around neck)
 k - a ring of fire (left hand)
Scrolls
 c - a scroll of summoning {unknown}
 g - a scroll of immolation {unknown}
 h - 6 scrolls of identify {unknown}
 j - 2 scrolls of magic mapping {unknown}
 m - a scroll of brand weapon {unknown}
 o - 3 scrolls of enchant armour {unknown}
 q - 3 scrolls of noise {unknown}
 r - 3 scrolls of fear {unknown}
 s - a scroll of teleportation {unknown}
 u - 2 scrolls of blinking {unknown}
 x - a scroll of amnesia {unknown}
 y - a scroll of enchant weapon {unknown}
Potions
 b - a potion of magic
 e - a potion of berserk rage {unknown}
 f - a potion of lignification {unknown}
 i - 2 potions of curing {unknown}
 l - a potion of might {unknown}
 n - a potion of degeneration {unknown}
 p - 2 potions of heal wounds {unknown}
 v - 2 potions of flight {unknown}
 z - a potion of ambrosia {unknown}


   Skills:
 - Level 1.7 Dodging
 - Level 1.7 Stealth
 * Level 1.1 Shields
 - Level 5.0 Spellcasting
 - Level 4.0 Conjurations
 - Level 5.1 Fire Magic


You had 15 spell levels left.
You knew the following spells:

 Your Spells              Type           Power      Damage    Failure   Level
a - Foxfire               Conj/Fire      100%       2x1d9     2%          1

Your spell library contained the following spells:

 Spells                   Type           Power      Damage    Failure   Level
 Scorch                   Fire           72%        2d8       3%          2
 Inner Flame              Hex/Fire       21%        N/A       19%         3
 Volatile Blastmotes      Fire/Tloc      42%        2d13      19%         3
 Flame Wave               Conj/Fire      33%        2d10      26%         4
 Gell's Gravitas          Tloc           4%         N/A       45%         3
 Ozocubu's Armour         Ice            4%         N/A       45%         3
 Teleport Other           Tloc           4%         N/A       45%         3
 Metabolic Englaciation   Hex/Ice        2%         N/A       99%         5
 Dispersal                Tloc           2%         N/A       100%        6
 Simulacrum               Ice/Necr       2%         N/A       100%        6


Dungeon Overview and Level Annotations

Branches:
Dungeon (5/15)             Temple (1/1) D:4

Altars:
Ashenzari
Cheibriados
Dithmenos
Gozag
Kikubaaqudgha
Makhleb
Nemelex Xobeh
Qazlal
Ru
Sif Muna
Uskayaw
Xom
Yredelemnul

Shops:
D:3 (   D:4 (

Annotations:
D:5 Pikel


Innate Abilities, Weirdness & Mutations

You have a pair of antennae on your head.
Your demonic aura sometimes causes spilled blood to erupt in flames.


Message History

Pikel is almost dead.
Pikel hits you with a +0 whip of flaming. x2
Unknown command.
You miss Pikel.
Pikel is almost dead.
Pikel closely misses you. The lemure closely misses you.
You block Pikel's attack. The lemure hits you.
Unknown command.
Unknown command.
Unknown command.
Unknown command.
Casting: Foxfire (safe; 2% risk of failure)
Confirm with . or Enter, or press ? or * to list all spells.
You feel a surge of power!
You conjure some foxfire!
Pikel closely misses you. The lemure hits you.
Unknown command.
Unknown command.
Unknown command.
Unknown command.
You closely miss Pikel.
Pikel is almost dead.
The foxfire hits Pikel but does no damage.
Pikel is almost dead.
The foxfire hits the lemure.
The lemure is lightly wounded.
Pikel hits you with a +0 whip of flaming.
The lemure hits you.
Unknown command.
Unknown command.
You barely miss Pikel.
Pikel is almost dead.
Pikel says, "I touched Geryon's horn once."
Pikel hits you with a +0 whip of flaming!
* * * LOW HITPOINT WARNING * * *
Pikel burns you.
* * * LOW HITPOINT WARNING * * *
The lemure misses you.
Pikel hits you with a +0 whip of flaming!
You die...
Kikubaaqudgha rasps: "You have failed me!
Welcome... death!"

................#.........####.#{
................####......# ...
..####........######......#######
..# #....#........+.............
..# #....#.########......#######
..#########.#............#.......
##..........#........#...#.######
....####........5K...#...#.# #
..).# #.####...@....##.##.# #
....####.####.#.ยง.#.###.##.# #
....#.........#...#.###.##.# #
....#....##...........#.#...# #
....#....##.#.#...#.#.#.#...# #
............#.#...#.#.#.#...# #
....##.#.####.#####.#.#.#...# #
######.#.# #.#####.#.#.#...# #
..#.# #.....#.#.#.#...# #


You could see Pikel and a lemure.

Vanquished Creatures
  Prince Ribbit (D:5)
  An ogre (D:4)
  A centaur (D:5)
  3 lemures (D:5)
  Blork the orc (D:4)
  2 hounds (D:5)
  An orc priest (D:5)
  Terence (D:2)
  An iguana (D:4)
  An orc wizard (D:3)
  7 adders
  4 worms
  2 dart slugs
  11 orcs
  4 endoplasms
  A giant cockroach (D:3)
  5 goblins
  3 hobgoblins
  3 kobolds
  3 quokkas
  4 ball pythons
  4 bats
  3 frilled lizards
  7 rats
74 creatures vanquished.

Vanquished Creatures (collateral kills)
  2 foxfires (D:3)
2 creatures vanquished.

Vanquished Creatures (others)
  394 foxfires
  3 plants (D:3)
397 creatures vanquished.

Grand Total: 473 creatures vanquished

Notes
Turn   | Place    | Note
-------+----------+-------------------------------------------
     0 | D:1      | gruber the Demonspawn Fire Elementalist began the quest for
                  | the Orb.
     0 | D:1      | Reached XP level 1. HP: 13/13 MP: 3/3
   362 | D:1      | Gained mutation: Your demonic aura sometimes causes spilled
                  | blood to erupt in flames. [demonic ancestry]
   362 | D:1      | Reached XP level 2. HP: 12/19 MP: 3/5
  1159 | D:2      | Noticed Terence
  1168 | D:2      | Killed Terence
  1169 | D:2      | Gained mutation: You have a pair of small antennae on your
                  | head. [demonic ancestry]
  1169 | D:2      | Reached XP level 3. HP: 12/24 MP: 0/6
  1459 | D:2      | Reached XP level 4. HP: 25/30 MP: 2/8
  2608 | D:3      | Gained mutation: You have a pair of antennae on your head.
                  | [demonic ancestry]
  2608 | D:3      | Reached XP level 5. HP: 22/35 MP: 2/9
  2876 | D:3      | Found a faded altar of an unknown god.
  3009 | D:3      | Found Qaeshros's Antique Weapon Shoppe.
  3608 | D:4      | Found Diabah's Antique Weapon Emporium.
  3675 | D:4      | Found a staircase to the Ecumenical Temple.
  3883 | Temple   | Entered the Ecumenical Temple
  3889 | Temple   | Became a worshipper of Kikubaaqudgha
  4075 | D:4      | Noticed Blork the orc
  4084 | D:4      | Killed Blork the orc
  4165 | D:4      | Noticed an ogre
  4168 | D:4      | Killed an ogre
  4169 | D:4      | Reached XP level 6. HP: 41/41 MP: 3/11
  4453 | D:3      | Bought a masterwork spear for 160 gold pieces
  4453 | D:3      | Identified the +5 spear "Xunoth" {heavy, rN+ Str+5 Dex+2}
                  | (You bought it in a shop on level 3 of the Dungeon)
  4519 | D:5      | Entered Level 5 of the Dungeon
  4563 | D:5      | Found a shadowy altar of Dithmenos.
  4870 | D:5      | Noticed Prince Ribbit
  4882 | D:5      | Killed Prince Ribbit
  4883 | D:5      | Reached skill level 5 in Fire Magic
  4883 | D:5      | Reached XP level 7. HP: 46/46 MP: 1/14
  4983 | D:5      | Reached skill level 5 in Spellcasting
  5135 | D:5      | Reached skill level 1 in Shields
  5489 | D:5      | Noticed Pikel
  5513 | D:5      | Slain by Pikel

Illustrated notes

Levels and vault maps discovered:
D:1:      dpeg_arrival_windows_large_door, layout_rooms, minmay_tromino_v7
D:2:      layout_loops_corners, serial_aquarium, aquarium_bridge_square
          [aquarium_subvault_bridge, aquarium_subvault_window,
          aquarium_subvault_wall, aquarium_subvault_bridge], aquarium_window_1,
          aquarium_window_1, aquarium_window_corridor_3, aquarium_view_2f,
          aquarium_view_2f, aquarium_balcony_1b, uniq_terence
D:3:      layout_basic, ebering_ecumenical_altar_mist, serial_shops,
          nicolae_shop_back_alley_shop, ebering_dispersal_statue_hall,
          serial_bayou_lagoon_b
D:4:      layout_rooms, minmay_temple_entry_slanted, serial_shops,
          nicolae_diamond_shop, uniq_blork_the_orc
D:5:      layout_basic, nicolae_dithmenos_the_darkroom, uniq_prince_ribbit1,
          uniq_pikel
Temple:   nicolae_temple_x_marks_the_god

Skill      XL: |  1  2  3  4  5  6  7 |
---------------+----------------------+-----
Fire Magic     | 3 4 5 |  5.1
Conjurations   | 2 4 |  4.0
Spellcasting   | 3 4 5 |  5.0
Shields        | 1 |  1.1
Dodging        | |  1.7
Stealth        | |  1.7

Action                     |  1- 3 |  4- 6 |  7- 9 || total
---------------------------+-------+-------+-------++-------
  Melee: Dagger            |    17 |     6 |       ||    23
         Spear             |       |     5 |     8 ||    13
   Cast: Foxfire           |    45 |   142 |    38 ||   225
 Armour: Robe              |     4 |     7 |     3 ||    14
  Dodge: Dodged            |    21 |    17 |    10 ||    48
  Block: Other             |       |     4 |       ||     4
         Buckler           |       |     5 |    15 ||    20
         Reflection        |       |       |     2 ||     2

Table legend: (Time is in decaauts)
 A = Elapsed time spent in this place.
 B = Non-inter-level travel time spent in this place.
 C = Inter-level travel time spent in this place.
 D = Time resting spent in this place.
 E = Time spent auto-exploring this place.
 F = Levels seen in this place.
 G = Mean time per level.
                   A        B        C        D        E       F      G
               +--------+--------+--------+--------+--------+-----+--------+
         Total |   5533 |   5319 |    214 |    133 |   4589 |   6 |  922.2 |
       Dungeon |   5520 |   5313 |    207 |    133 |   4589 |   5 | 1104.0 |
        Temple |     12 |      6 |      6 |      0 |      0 |   1 |   12.0 |
               +--------+--------+--------+--------+--------+-----+--------+

Top non-repeatable levels by time:
     D:2: 1531 daAuts
     D:3: 1346 daAuts
     D:5: 1003 daAuts
     D:4: 855 daAuts
     D:1: 784 daAuts
  Temple: 12 daAuts
